 Dungeon Crawl Stone Soup version 0.23.2-1-ga50397a (webtiles) character file.

Game seed: 16211763104184779149

5030 keltmir the Magician (level 10, -16/79 HPs)
             Began as a Gnoll Skald on May 17, 2019.
             Was a Priest of Okawaru.
             Demolished by a two-headed ogre
             ... wielding a +0 giant club
              (22 damage)
             ... on level 9 of the Dungeon.
             The game lasted 00:35:40 (9322 turns).

keltmir the Magician (Gnoll Skald)                  Turns: 9322, Time: 00:35:42

Health: -16/79     AC:  6    Str: 20    XL:     10   Next: 55%
Magic:  30/30      EV: 16    Int: 18    God:    Okawaru [***...]
Gold:   508        SH:  5    Dex: 14    Spells: 16/23 levels left

rFire    . . .     SeeInvis .   W - +1 falchion "Couz" {flame, rC+ MR+ Int+2} (curse)
rCold    + . .     Gourm    .   p - +0 buckler
rNeg     . . .     Faith    .   H - +0 leather armour
rPois    .         Spirit   .   S - +0 helmet
rElec    .         Reflect  .   e - scarf {cloud immunity}
rCorr    .         Harm     .   c - +0 pair of gloves
MR       +....                  (no boots)
Stlth    +++.......             (no amulet)
HPRegen  0.23/turn              O - +3 ring of strength
MPRegen  0.22/turn              u - ring of magical power

@: no status effects
A: distributed training, fangs 1, strong nose
a: Heroism, Renounce Religion


You were on level 9 of the Dungeon.
You worshipped Okawaru.
Okawaru was most pleased with you.
You were very hungry.

You visited 2 branches of the dungeon, and saw 10 of its levels.
You also visited: Ossuary.

You collected 508 gold pieces.

Inventory:

Hand Weapons
 a - a +0 trident
 b - the +9 sword of Zonguldrok {reap}
   (You found it on level 5 of the Dungeon)

   If a monster killed with it leaves a corpse in good enough shape, the corpse
   will be animated as a zombie friendly to the killer.
 W - the cursed +1 falchion "Couz" (weapon) {flame, rC+ MR+ Int+2}
   (You found it on level 9 of the Dungeon)

   It has been specially enchanted to burn those struck by it, causing extra
   injury to most foes and up to half again as much damage against particularly
   susceptible opponents.
   Big, fiery blades are also staple armaments of hydra-hunters.
   It affects your intelligence (+2).
   It protects you from cold.
   It affects your resistance to hostile enchantments.
   It has a curse placed upon it.
Missiles
 v - 4 javelins (quivered)
 I - 6 tomahawks of returning
 N - 5 tomahawks
 P - 4 throwing nets
 Q - 3 silver tomahawks
Armour
 c - a +0 pair of gloves (worn)
 e - a scarf of cloud immunity (worn)
 p - a +0 buckler (worn)
 q - a +0 plate armour
 H - a +0 leather armour (worn)
 K - a +2 chain mail of cold resistance
 S - a +0 helmet (worn)
Jewellery
 f - an uncursed ring of protection from magic
 u - a ring of magical power (right hand)
 E - an uncursed ring of poison resistance
 J - an uncursed ring of see invisible
 L - an uncursed ring of protection from fire
 O - a +3 ring of strength (left hand)
 T - an uncursed ring of ice
Wands
 A - a wand of polymorph (9)
 C - a wand of enslavement (12)
 M - a wand of paralysis (2)
 R - a wand of acid (10)
 U - a wand of digging (2)
Scrolls
 g - 6 scrolls of remove curse
 i - 2 scrolls of magic mapping
 j - 6 scrolls of teleportation
 l - a scroll of random uselessness {unknown}
 m - 2 scrolls of amnesia {unknown}
 o - a scroll of fear
 s - a scroll of immolation {unknown}
 w - a scroll of blinking {unknown}
 y - a scroll of enchant weapon {unknown}
 D - a scroll of fog {unknown}
 F - 2 scrolls of enchant armour
Potions
 h - 3 potions of haste
 k - 2 potions of resistance
 n - 2 potions of heal wounds
 r - 3 potions of ambrosia
 t - 2 potions of agility
 x - 5 potions of curing
 z - a potion of might
 B - a potion of lignification
 G - 3 potions of mutation
Comestibles
 d - 6 rations


   Skills:
 + Level 7.1 Fighting
 + Level 5.3 Short Blades
 + Level 5.3 Long Blades
 + Level 5.3 Axes
 + Level 5.3 Maces & Flails
 + Level 7.1 Polearms
 + Level 5.3 Staves
 + Level 5.3 Slings
 + Level 5.3 Bows
 + Level 5.3 Crossbows
 + Level 5.3 Throwing
 + Level 5.9 Armour
 + Level 7.1 Dodging
 + Level 5.3 Stealth
 + Level 5.3 Shields
 + Level 5.3 Unarmed Combat
 + Level 7.3 Spellcasting
 + Level 4.3 Conjurations
 + Level 4.3 Hexes
 + Level 7.1 Charms
 + Level 4.3 Summonings
 + Level 4.3 Necromancy
 + Level 4.3 Translocations
 + Level 4.3 Transmutations
 + Level 4.3 Fire Magic
 + Level 4.3 Ice Magic
 + Level 4.3 Air Magic
 + Level 4.3 Earth Magic
 + Level 4.3 Poison Magic
 + Level 5.8 Invocations
 + Level 5.3 Evocations


You had 16 spell levels left.
You knew the following spells:

 Your Spells              Type           Power        Failure   Level  Hunger
a - Infusion              Chrm           ####         1%          1    None
b - Spectral Weapon       Hex/Chrm       ####....     3%          3    #......
c - Regeneration          Chrm/Necr      ####......   3%          3    #......

Your spell library contained the following spells:

 Spells                   Type           Power        Failure   Level  Hunger
 Shroud of Golubria       Chrm/Tloc      ####......   1%          2    None
 Song of Slaying          Chrm           ####....     1%          2    None


Dungeon Overview and Level Annotations

Branches:
Dungeon (9/15)             Temple (1/1) D:7
   Lair: D:8-11         Orc: D:9-12

Altars:
Ashenzari
Cheibriados
Dithmenos
Elyvilon
Gozag
Hepliaklqana
Kikubaaqudgha
Nemelex Xobeh
Okawaru
Qazlal
Ru
Sif Muna
Trog
Uskayaw
Vehumet
Wu Jian
Yredelemnul
Zin
The Shining One

Shops:
D:4 }

Annotations:
D:8 2 transporters, Paps's ghost, novice TrFi


Innate Abilities, Weirdness & Mutations

Your experience applies equally to all skills.
You have very sharp teeth.
Your uncanny sense of smell can sniff out nearby items.


Message History

Aiming: Paralyse
Press: ? - help, Shift-Dir - straight line, f/p - two-headed ogre
Aim: a two-headed ogre, wielding a +0 giant club and a +0 giant spiked club (heavily wounded, chance to defeat MR: 44%)
The two-headed ogre resists with some effort.
Evoke which item? (* to show all) (? for menu, Esc to quit)
Aiming: Paralyse
Press: ? - help, Shift-Dir - straight line, f/p - two-headed ogre
Aim: a two-headed ogre, wielding a +0 giant club and a +0 giant spiked club (heavily wounded, chance to defeat MR: 44%)
The two-headed ogre resists with some effort.
The two-headed ogre hits you with a +0 giant club!!
The two-headed ogre barely misses you.
Evoke which item? (* to show all) (? for menu, Esc to quit)
Aiming: Paralyse
Press: ? - help, Shift-Dir - straight line, f/p - two-headed ogre
Aim: a two-headed ogre, wielding a +0 giant club and a +0 giant spiked club (heavily wounded, chance to defeat MR: 44%)
The two-headed ogre resists with some effort.
The two-headed ogre hits you with a +0 giant club!!
* * * LOW HITPOINT WARNING * * *
The two-headed ogre hits you with a +0 giant spiked club!!
You die...

..$.... (....
.(... #####
(.. #...# ...
#...# #(#
#...# #Z#
#...# ##O#
##...# # #@.#
###....# . ∆
#.## #......#
.. #.#
#.##...# ..) ∆
#.####....###
...
#.##....###
.). #.##..>.#
#.##....# ∆
####.##....#
###..........#


You could see a two-headed ogre and a hound skeleton.

Vanquished Creatures
  Harold (D:7)
  A cyclops (D:7)
  Psyche (D:8)
  2 hippogriffs (D:9)
  2 yaks
  A shadow (D:9)
  4 orc warriors
  A sky beast (D:5)
  A phantom (D:9)
  2 ogres
  2 centaurs (D:7)
  2 big kobolds (D:7)
  Blork the orc (D:4)
  6 bullfrogs
  3 scorpions
  3 killer bees
  4 wights
  A crimson imp (D:5)
  2 human zombies (Ossuary)
  A bullfrog skeleton (D:8)
  A centaur zombie (Ossuary)
  A centaur skeleton (D:6)
  4 hounds
  2 jellies (D:5)
  An orc priest (D:5)
  3 orc wizards
  4 iguanas
  2 worker ants (D:6)
  3 big kobold zombies (Ossuary)
  3 mummies
  4 gnolls (D:2)
  4 adders
  A shadow imp (D:9)
  2 oozes
  An adder skeleton (D:7)
  2 adder zombies (Ossuary)
  5 worms
  2 dart slugs (D:2)
  5 leopard geckos
  18 orcs
  5 ball pythons
  2 giant cockroaches (D:2)
  5 goblins
  10 hobgoblins
  5 jackals
  13 kobolds
  3 quokkas (D:2)
  2 bats
  6 frilled lizards
  A goblin zombie (D:6)
  10 hobgoblin zombies
  10 kobold zombies (Ossuary)
  8 orc zombies (Ossuary)
  3 quokka skeletons
  6 rats
  2 rat zombies (Ossuary)
200 creatures vanquished.

Vanquished Creatures (collateral kills)
  2 orcs
  2 jackals (D:9)
  2 kobolds (D:7)
  A giant cockroach zombie (D:6)
7 creatures vanquished.

Vanquished Creatures (others)
  An orc priest (D:3)
  2 orcs (D:3)
  A hobgoblin (D:3)
  6 spectral weapons
10 creatures vanquished.

Grand Total: 217 creatures vanquished

Notes
Turn   | Place    | Note
-------+----------+-------------------------------------------
     0 | D:1      | keltmir the Gnoll Skald began the quest for the Orb.
     0 | D:1      | Reached XP level 1. HP: 20/20 MP: 6/6
   130 | D:1      | Reached XP level 2. HP: 25/26 MP: 7/7
   688 | D:2      | Reached XP level 3. HP: 31/31 MP: 5/9
   693 | D:2      | Learned a level 3 spell: Spectral Weapon
   701 | D:2      | Reached skill level 5 in Spellcasting
   719 | D:2      | Reached skill level 1 in Invocations
  1046 | D:2      | Found a bloodstained altar of Trog.
  1077 | D:2      | Reached skill level 1 in Short Blades
  1077 | D:2      | Reached skill level 1 in Long Blades
  1077 | D:2      | Reached skill level 1 in Axes
  1077 | D:2      | Reached skill level 1 in Maces & Flails
  1077 | D:2      | Reached skill level 1 in Staves
  1077 | D:2      | Reached skill level 1 in Slings
  1077 | D:2      | Reached skill level 1 in Bows
  1077 | D:2      | Reached skill level 1 in Crossbows
  1077 | D:2      | Reached skill level 1 in Throwing
  1077 | D:2      | Reached skill level 1 in Stealth
  1077 | D:2      | Reached skill level 1 in Shields
  1077 | D:2      | Reached skill level 1 in Unarmed Combat
  1077 | D:2      | Reached skill level 1 in Evocations
  1359 | D:2      | Reached XP level 4. HP: 38/38 MP: 11/11
  1496 | D:2      | Reached skill level 1 in Conjurations
  1496 | D:2      | Reached skill level 1 in Hexes
  1496 | D:2      | Reached skill level 1 in Summonings
  1496 | D:2      | Reached skill level 1 in Necromancy
  1496 | D:2      | Reached skill level 1 in Translocations
  1496 | D:2      | Reached skill level 1 in Transmutations
  1496 | D:2      | Reached skill level 1 in Fire Magic
  1496 | D:2      | Reached skill level 1 in Ice Magic
  1496 | D:2      | Reached skill level 1 in Air Magic
  1496 | D:2      | Reached skill level 1 in Earth Magic
  1496 | D:2      | Reached skill level 1 in Poison Magic
  1930 | D:2      | Found an ancient bone altar of Kikubaaqudgha.
  1930 | D:2      | Found a shattered altar of Ashenzari.
  1935 | D:2      | Found a snail-covered altar of Cheibriados.
  1937 | D:2      | Found a glowing golden altar of the Shining One.
  1939 | D:2      | Found a glowing silver altar of Zin.
  2006 | D:2      | Reached XP level 5. HP: 43/43 MP: 12/12
  2107 | D:3      | Found a sparkling altar of Nemelex Xobeh.
  2203 | D:3      | Found a radiant altar of Vehumet.
  2561 | D:3      | Reached XP level 6. HP: 47/50 MP: 13/13
  2914 | D:4      | Learned a level 3 spell: Regeneration
  3046 | D:4      | Found Guxzum's Gadget Boutique.
  3083 | D:4      | You fall through a shaft for 2 floors!
  3088 | D:6      | Reached skill level 5 in Fighting
  3088 | D:6      | Reached skill level 5 in Polearms
  3088 | D:6      | Reached skill level 5 in Dodging
  3133 | D:6      | Found a sand-covered staircase.
  3142 | Ossuary  | Entered an ossuary
  3289 | Ossuary  | Reached XP level 7. HP: 48/56 MP: 15/15
  3755 | D:5      | Entered Level 5 of the Dungeon
  4022 | D:4      | Noticed Blork the orc
  4027 | D:4      | Killed Blork the orc
  4083 | D:4      | Reached XP level 8. HP: 51/63 MP: 16/16
  4439 | D:5      | Noticed Edmund
  4440 | D:5      | Noticed Edmund
  4440 | D:5      | Edmund changed into Edmund the jelly
  4445 | D:5      | Killed Edmund the jelly
  4912 | D:5      | Found the +9 sword of Zonguldrok {reap}
  5219 | D:6      | Found an ornate altar of the Wu Jian Council.
  5295 | D:6      | Found a basalt altar of Yredelemnul.
  5858 | D:7      | Noticed a cyclops
  5878 | D:6      | HP: 2/64 [killer bee (5)]
  6293 | D:7      | Found a hide-covered altar of Uskayaw.
  6375 | D:7      | Found a staircase to the Ecumenical Temple.
  6385 | Temple   | Entered the Ecumenical Temple
  6421 | Temple   | Became a worshipper of Warmaster Okawaru
  6480 | D:7      | Reached XP level 9. HP: 28/69 MP: 18/18
  7428 | D:7      | Noticed Harold
  7452 | D:7      | Killed Harold
  7452 | D:7      | Reached * piety under Okawaru
  7452 | D:7      | Reached ** piety under Okawaru
  7452 | D:7      | Reached skill level 5 in Armour
  7461 | D:7      | Killed a cyclops
  7461 | D:7      | Reached skill level 5 in Invocations
  7877 | D:7      | Reached XP level 10. HP: 77/77 MP: 20/20
  7958 | D:7      | Found a sparkling altar of Nemelex Xobeh.
  8324 | D:8      | Noticed Psyche
  8333 | D:8      | Killed Psyche
  8464 | D:8      | Found a transporter.
  8465 | D:8      | Noticed Paps's ghost (novice TrFi)
  8467 | D:8      | Found a transporter.
  8478 | D:8      | Noticed a two-headed ogre
  8614 | D:8      | Noticed a harpy
  8699 | D:9      | Reached skill level 5 in Short Blades
  8699 | D:9      | Reached skill level 5 in Long Blades
  8699 | D:9      | Reached skill level 5 in Axes
  8699 | D:9      | Reached skill level 5 in Maces & Flails
  8699 | D:9      | Reached skill level 5 in Staves
  8699 | D:9      | Reached skill level 5 in Slings
  8699 | D:9      | Reached skill level 5 in Bows
  8699 | D:9      | Reached skill level 5 in Crossbows
  8699 | D:9      | Reached skill level 5 in Throwing
  8699 | D:9      | Reached skill level 5 in Stealth
  8699 | D:9      | Reached skill level 5 in Shields
  8699 | D:9      | Reached skill level 5 in Unarmed Combat
  8699 | D:9      | Reached skill level 5 in Evocations
  8723 | D:9      | Reached *** piety under Okawaru
  8761 | D:9      | Got a fine falchion
  8762 | D:9      | Identified the cursed +1 falchion "Couz" {flame, rC+ MR+
                  | Int+2} (You found it on level 9 of the Dungeon)
  9311 | D:9      | Noticed a two-headed ogre
  9322 | D:9      | Demolished by a two-headed ogre

Skill      XL: |  1  2  3  4  5  6  7  8  9 10 |
---------------+-------------------------------+-----
Spellcasting   | 5 6 7 |  7.3
Invocations    | 1 2 3 4 5 |  5.8
Short Blades   | 1 2 3 4 5 |  5.3
Long Blades    | 1 2 3 4 5 |  5.3
Axes           | 1 2 3 4 5 |  5.3
Maces & Flails | 1 2 3 4 5 |  5.3
Staves         | 1 2 3 4 5 |  5.3
Slings         | 1 2 3 4 5 |  5.3
Bows           | 1 2 3 4 5 |  5.3
Crossbows      | 1 2 3 4 5 |  5.3
Throwing       | 1 2 3 4 5 |  5.3
Stealth        | 1 2 3 4 5 |  5.3
Shields        | 1 2 3 4 5 |  5.3
Unarmed Combat | 1 2 3 4 5 |  5.3
Evocations     | 1 2 3 4 5 |  5.3
Conjurations   | 1 2 3 4 |  4.3
Hexes          | 1 2 3 4 |  4.3
Summonings     | 1 2 3 4 |  4.3
Necromancy     | 1 2 3 4 |  4.3
Translocations | 1 2 3 4 |  4.3
Transmutations | 1 2 3 4 |  4.3
Fire Magic     | 1 2 3 4 |  4.3
Ice Magic      | 1 2 3 4 |  4.3
Air Magic      | 1 2 3 4 |  4.3
Earth Magic    | 1 2 3 4 |  4.3
Poison Magic   | 1 2 3 4 |  4.3
Armour         | 3 4 5 |  5.9
Fighting       | 5 6 7 |  7.1
Polearms       | 5 6 7 |  7.1
Dodging        | 5 6 7 |  7.1
Charms         | 6 7 |  7.1

Action                   |  1- 3 |  4- 6 |  7- 9 | 10-12 || total
-------------------------+-------+-------+-------+-------++-------
Melee: Spear             |    88 |    32 |       |       ||   120
       Bite              |     7 |    15 |    21 |    15 ||    58
       Punch             |     2 |       |       |       ||     2
       Halberd           |       |   134 |    66 |       ||   200
       Trident           |       |       |   126 |    74 ||   200
       Double sword      |       |       |    28 |     2 ||    30
       Dire flail        |       |       |    13 |       ||    13
       Falchion          |       |       |       |    40 ||    40
Throw: Javelin           |       |     4 |    14 |     8 ||    26
       Tomahawk          |       |       |     3 |       ||     3
 Cast: Infusion          |     2 |       |       |       ||     2
       Spectral Weapon   |     2 |    14 |    23 |     9 ||    48
       Regeneration      |       |     1 |     4 |     1 ||     6
Evoke: Wand              |       |       |     1 |     5 ||     6
  Use: Scroll            |     3 |     4 |     7 |     3 ||    17
       Potion            |       |       |     7 |       ||     7
 Stab: Sleeping          |     2 |     5 |     3 |     3 ||    13
       Distracted        |       |       |     2 |       ||     2
       Paralysed         |       |       |       |     5 ||     5
  Eat: Chunk             |     1 |     7 |     4 |     4 ||    16
       Ration            |       |       |     4 |       ||     4
Armor: Leather armour    |     8 |    16 |    34 |    17 ||    75
       Plate armour      |       |       |    20 |       ||    20
       Skin              |       |       |    11 |       ||    11
Dodge: Dodged            |    50 |    87 |   134 |    64 ||   335
Block: Buckler           |       |       |    27 |    24 ||    51
       Rpst.: Double sword |       |       |     4 |     1 ||     5
       Falchion          |       |       |       |     8 ||     8
